AoeStats
← Child of Light

Arena

509113631Analyzed
1v1 RM · 8d ago on Sep 25, 2026· 43m 23s· 2 players
Game mode
Random Map
Map size
Tiny (2 player)
Population
200
Speed
Normal
Resources
Standard
Victory
Conquest
Starting age
Dark Age
Ending age
Imperial Age
RankedLock teamsTeams togetherTeam positionsShared explorationLock speedFull tech treeHidden civsTurbo modeCheats
Victory
Defeat
🇧🇷 Muisca · Brazil
1034
+18
🇮🇹 Franks · Italy
1073
-18
150490644
10:34 Feudal Age
14:54 Castle Age
12:46 Double-Bit Axe
16:03 Wheelbarrow
16:03 Bow Saw
23:42 Town Watch
24:16 Hand Cart
26:14 Loom
30:36 Imperial Age
29:29 Ballistics
29:14 Padded Archer Armor
29:05 Fletching
29:26 Husbandry
30:01 Gold Mining
30:02 Stone Mining
32:28 Chemistry
31:36 Scale Barding Armor
31:41 Forging
30:56 Cavalier
32:16 Masonry
33:32 Town Watch
34:07 Leather Archer Armor
35:57 Chain Barding Armor
36:13 Iron Casting
37:43 Chivalry
39:33 Conscription
38:52 Paladin
40:12 Plate Barding Armor
40:38 Blast Furnace
Child of Light
11:28 Feudal Age
13:01 Wheelbarrow
15:28 Castle Age
13:24 Double-Bit Axe
13:59 Horse Collar
15:02 Scale Mail Armor
15:54 Gold Mining
15:50 Pikeman
19:02 Forging
22:59 Loom
24:21 Heavy Plow
27:08 Gold Shaft Mining
26:50 Bow Saw
29:45 Imperial Age
27:57 Fletching
29:42 Hand Cart
29:39 Crossbowman
30:47 Masonry
31:18 Conscription
31:44 Bodkin Arrow
32:04 Chain Mail Armor
32:25 Iron Casting
31:51 Padded Archer Armor
33:13 Chemistry
32:33 Squires
32:49 Herbalism
32:55 Huaracas
33:17 Stone Mining
34:06 Crop Rotation
33:42 Arbalester
35:13 Bracer
35:43 Plate Mail Armor
36:02 Thumb Ring
36:06 Town Watch
36:43 Ballistics
36:29 Siege Engineers
36:06 Treadmill Crane
38:53 Murder Holes
39:01 Town Patrol
40:20 Leather Archer Armor
39:47 Elite Temple Guard
42:57 Champi Runner
Connection lost

Rejoining the realm…

Still unreachable

The connection could not be restored.

Session expired

The server has moved on; the page needs a fresh start.